 Dungeon Crawl Stone Soup version 0.27.1-33-g824d729ab1 (webtiles) character file.

Game seed: 6106600135923471670

178 unlimited1921 the Ogre Mage (level 5, -6/45 HPs)
             Began as an Ogre Fire Elementalist on Dec 3, 2021.
             Was an Initiate of Gozag.
             Mangled by Ijyb (19 damage)
             ... on level 3 of the Dungeon.
             The game lasted 00:13:43 (4428 turns).

unlimited1921 the Ogre Mage (OgFE)                  Turns: 4428, Time: 00:13:47

Health: -6/45      AC:  3    Str: 13    XL:     5   Next: 58%
Magic:  3/11       EV: 10    Int: 16    God:    Gozag
Gold:   233        SH:  0    Dex:  9    Spells: 11/12 levels left

rFire    . . .     SeeInvis .   h - +1 whip (venom)
rCold    . . .     Faith    .   (no shield)
rNeg     . . .     Spirit   .   a - +0 robe
rPois    .         Reflect  .   (helmet restricted)
rElec    .         Harm     .   (no cloak)
rCorr    .         Rampage  .   (gloves unavailable)
Will     .....                  (boots unavailable)
Stlth    ++........             (no amulet)
HPRegen  0.15/turn              (no ring)
MPRegen  0.12/turn              (no ring)

@: no status effects
A: large, unfitting armour, tough skin 1
a: Renounce Religion, Potion Petition, Call Merchant, Bribe Branch


You were on level 3 of the Dungeon.
You worshipped Gozag.
Gozag was aware of your devotion.
You visited 1 branch of the dungeon, and saw 3 of its levels.

You collected 253 gold pieces.
You paid 20 gold pieces to Gozag.

Inventory:

Hand Weapons
 d - a +0 short sword
 g - a +0 mace
 h - a +1 whip of venom (weapon)
 l - a +0 hand axe
 q - a +0 war axe
Missiles
 i - 38 bolts
Armour
 a - a +0 robe (worn)
 o - a +1 kite shield of poison resistance
Scrolls
 c - 2 scrolls of teleportation {unknown}
 e - 3 scrolls of identify {unknown}
 j - a scroll of acquirement {unknown}
 k - 2 scrolls of enchant weapon {unknown}
 m - a scroll of magic mapping {unknown}
 n - a scroll of blinking {unknown}
Potions
 b - a potion of heal wounds {unknown}
 f - a potion of haste {unknown}
 p - a potion of might {unknown}
 r - a potion of cancellation {unknown}


   Skills:
 + Level 0.1 Fighting
 + Level 0.1 Maces & Flails
 + Level 2.0 Dodging
 + Level 1.8 Stealth
 + Level 4.0 Spellcasting
 + Level 2.1 Conjurations
 + Level 3.8 Fire Magic


You had 11 spell levels left.
You knew the following spells:

 Your Spells              Type           Power      Damage    Failure   Level
a - Foxfire               Conj/Fire      48%        2x1d6     4%          1

Your spell library contained the following spells:

 Spells                   Type           Power      Damage    Failure   Level
 Conjure Flame            Conj/Fire      12%        6-21      14%         3
 Static Discharge         Conj/Air       6%         N/A       16%         2
 Inner Flame              Hex/Fire       9%         N/A       22%         3
 Sticky Flame             Conj/Fire      12%        2d4       43%         4
 Fireball                 Conj/Fire      6%         3d5       80%         5
 Lightning Bolt           Conj/Air       3%         1d14      96%         5
 Maxwell's Capacitive Co  Air            1%         ∞         100%        8


Dungeon Overview and Level Annotations

Branches:
Dungeon (3/15)

Altars:
Elyvilon
Fedhas
Gozag

Annotations:
D:3 Ijyb


Innate Abilities, Weirdness & Mutations

You are too large for most types of armour.
You have tough skin. (AC +1)


Message History

Ijyb is moderately wounded.
The foxfire hits Ijyb but does no damage.
Ijyb is moderately wounded.
The foxfire hits Ijyb.
Ijyb is moderately wounded.
Ijyb hits you with a +2 dagger of electrocution.
You closely miss Ijyb.
Ijyb is moderately wounded.
Ijyb closely misses you.
Casting: Foxfire (safe; 4% risk of failure)
Confirm with . or Enter, or press ? or * to list all spells.
You conjure some foxfire!
Ijyb barely misses you.
You hit Ijyb but do no damage.
Ijyb is poisoned.
Ijyb is moderately wounded.
The foxfire hits Ijyb.
Ijyb is heavily wounded.
The foxfire hits Ijyb.
Ijyb is heavily wounded.
Ijyb hits you with a +2 dagger of electrocution.
Casting: Foxfire (safe; 4% risk of failure)
Confirm with . or Enter, or press ? or * to list all spells.
You conjure some foxfire!
Ijyb hits you with a +2 dagger of electrocution.
You closely miss Ijyb.
Ijyb is severely wounded.
The foxfire hits Ijyb but does no damage.
Ijyb is severely wounded.
The foxfire hits Ijyb but does no damage.
Ijyb is severely wounded.
Ijyb hits you with a +2 dagger of electrocution.
You are electrocuted!
Casting: Foxfire (safe; 4% risk of failure)
Confirm with . or Enter, or press ? or * to list all spells.
You conjure some foxfire!
Ijyb screams, "Me very upset!"
Ijyb hits you with a +2 dagger of electrocution.
* * * LOW HITPOINT WARNING * * *
You are electrocuted!!
You die...
Your body crumbles into a pile of gold.

#. #. #.#. ###.#### #.
#.#.### #[.....# #.
#.#...# #....#.# #.
#.....###......# #.
#.....##....#.#####.
#...#.##.#..........
.####.vg#.##.##.#.######
.......@v.......#.#
#####.###.##......#
#.....######### #######


You could see Ijyb (very poisoned, ally target).

Vanquished Creatures
  Natasha (thrice) (D:2)
  A gnoll (D:2)
  An adder (D:2)
  3 worms
  3 dart slugs
  An orc (D:3)
  3 endoplasms
  3 giant cockroaches
  6 goblins
  5 hobgoblins
  10 jackals (D:2)
  4 kobolds
  6 quokkas
  A ball python (D:2)
  3 bats
  9 frilled lizards
  3 rats
65 creatures vanquished.

Vanquished Creatures (collateral kills)
  5 foxfires (D:2)
5 creatures vanquished.

Vanquished Creatures (others)
  258 foxfires
  A plant (D:1)
259 creatures vanquished.

Grand Total: 329 creatures vanquished

Notes
Turn   | Place    | Note
-------+----------+-------------------------------------------
     0 | D:1      | unlimited1921 the Ogre Fire Elementalist began the quest
                  | for the Orb.
     0 | D:1      | Reached XP level 1. HP: 16/16 MP: 3/3
   408 | D:1      | Found a faded altar of an unknown god.
   436 | D:1      | Reached XP level 2. HP: 24/24 MP: 2/5
  1289 | D:1      | Reached skill level 3 in Spellcasting
  1632 | D:1      | Reached skill level 1 in Conjurations
  1633 | D:1      | Reached XP level 3. HP: 31/31 MP: 4/7
  2090 | D:2      | Found an opulent altar of Gozag.
  2175 | D:2      | Noticed Natasha
  2180 | D:2      | Killed Natasha
  2196 | D:2      | Reached XP level 4. HP: 39/39 MP: 2/9
  2652 | D:2      | Became a worshipper of Gozag Ym Sagoz the Greedy
  3120 | D:2      | Noticed Natasha
  3134 | D:2      | Killed Natasha
  3135 | D:2      | Reached XP level 5. HP: 36/45 MP: 1/10
  3328 | D:2      | Noticed Natasha
  3336 | D:2      | Killed Natasha
  3431 | D:2      | Reached skill level 4 in Spellcasting
  3812 | D:3      | Found a white marble altar of Elyvilon.
  3964 | D:3      | Found a blossoming altar of Fedhas.
  4410 | D:3      | Noticed Ijyb
  4428 | D:3      | Mangled by Ijyb

Illustrated notes

Levels and vault maps discovered:
D:1:      scummos_arrival_simple_fountains, layout_basic,
          hellmonk_ecumenical_altar_arch_garden, minmay_lizard_king
D:2:      layout_rooms, basic_altar, cheibrodos_gnoll_hut, uniq_natasha
D:3:      layout_loops_corners, fedhas_altar_1, elyvilon_altar_1, uniq_ijyb

Skill      XL: |  1  2  3  4  5 |
---------------+----------------+-----
Fire Magic     | 3 |  3.8
Spellcasting   | 3 4 |  4.0
Conjurations   | 1 2 |  2.1
Dodging        | 2 |  2.0
Fighting       | |  0.1
Maces & Flails | |  0.1
Stealth        | |  1.8

Action                   |  1- 3 |  4- 6 || total
-------------------------+-------+-------++-------
Melee: Mace              |     2 |       ||     2
       Whip              |     2 |    23 ||    25
 Cast: Foxfire           |    55 |   106 ||   161
Armor: Robe              |     2 |     7 ||     9
Dodge: Dodged            |     8 |    26 ||    34
